 Dungeon Crawl Stone Soup version 0.26-a0-1205-g4083c211ab (webtiles) character file.

Game seed: 6499584072213677288

114 Kraken2834 the Poker (level 4, -2/38 HPs)
             Began as a Merfolk Monk on Dec 29, 2020.
             Was a Believer of Elyvilon.
             Slain by Crazy Yiuf
             ... wielding a +4 quarterstaff of chaos
              (4 damage)
             ... on level 2 of the Dungeon.
             The game lasted 00:08:14 (2075 turns).

Kraken2834 the Poker (Merfolk Monk)                 Turns: 2075, Time: 00:08:15

Health: -2/38      AC:  6    Str: 12    XL:     4   Next: 97%
Magic:  4/4        EV: 18    Int:  9    God:    Elyvilon [**....]
Gold:   114        SH:  0    Dex: 16    Spells: 3/3 levels left

rFire    . . .     SeeInvis .   a - +0 spear
rCold    . . .     Faith    .   (no shield)
rNeg     . . .     Spirit   .   q - +1 leather armour {rPois}
rPois    +         Reflect  .   h - +0 helmet
rElec    .         Harm     .   (no cloak)
rCorr    .         Rampage  .   p - +0 pair of gloves
Will     .....                  (no boots)
Stlth    ++........             (no amulet)
HPRegen  0.12/turn              e - +4 ring of evasion
MPRegen  0.09/turn              g - ring of poison resistance

@: no status effects
A: change form in water, swift swim, stealthy swim
a: Renounce Religion, Lesser Healing, Heal Other, Divine Protection


You were on level 2 of the Dungeon.
You worshipped Elyvilon.
Elyvilon was pleased with you.
You visited 1 branch of the dungeon, and saw 2 of its levels.

You collected 114 gold pieces.

Inventory:

Hand Weapons
 a - a +0 spear (weapon)
Missiles
 k - 5 silver boomerangs (quivered)
Armour
 h - a +0 helmet (worn)
 p - a +0 pair of gloves (worn)
 q - a +1 leather armour of poison resistance (worn)
Jewellery
 e - a +4 ring of evasion (left hand)
 g - a ring of poison resistance (right hand)
Wands
 l - a wand of polymorph (9)
Scrolls
 b - a scroll of teleportation {unknown}
 d - a scroll of enchant armour {unknown}
 f - a scroll of fear {unknown}
 i - 3 scrolls of identify {unknown}
 n - 2 scrolls of remove curse {unknown}
 r - a scroll of amnesia {unknown}
 t - a scroll of fog {unknown}
Potions
 c - a potion of invisibility {unknown}
 j - a potion of degeneration {unknown}
 m - a potion of resistance {unknown}
 o - a potion of mutation {unknown}
 s - a potion of flight {unknown}
 u - a potion of heal wounds {unknown}


   Skills:
 * Level 4.3 Fighting
 * Level 6.5 Polearms
 + Level 4.6 Dodging
 - Level 2.1 Stealth


You had 3 spell levels left.
You didn't know any spells.
Your spell library was empty.

Dungeon Overview and Level Annotations

Branches:
Dungeon (2/15)

Altars:
Elyvilon

Annotations:
D:2 Crazy Yiuf


Message History

Crazy Yiuf is moderately wounded.
You barely miss Crazy Yiuf.
Crazy Yiuf is moderately wounded.
Crazy Yiuf hits you with a +4 quarterstaff of chaos.
Crazy Yiuf freezes you.
You hit Crazy Yiuf.
Crazy Yiuf is heavily wounded.
Crazy Yiuf hits you with a +4 quarterstaff of chaos.
You are electrocuted!
You are too injured to fight recklessly!
You are too injured to fight recklessly!
You are too injured to fight recklessly!
You hit Crazy Yiuf but do no damage.
Crazy Yiuf is heavily wounded.
You hit Crazy Yiuf.
Crazy Yiuf is severely wounded.
Crazy Yiuf hits you with a +4 quarterstaff of chaos!
* * * LOW HITPOINT WARNING * * *
Crazy Yiuf burns you.
You die...

###.†.......# #.#
#..#.####.# #(#
#..#.# #.# #.####
##.#### #.####.#
#.....# #.....<#
##.##.#
######.##♣♣ ###
#....# ##...P♣♣
♣♣#..)# ###..#
#......♣♣♣♣@g...#
#..#
#.....P.♣..♣#...#
#..# #......♣.♣♣♣
### #>.#
##.##♣♣♣♣♣ #.†#
#.# ####..# #.#
#...^.# #..
#####.# ### #.#
#.#


You could see Crazy Yiuf.

Vanquished Creatures
  Jessica (D:2)
  Terence (D:2)
  An adder (D:2)
  2 dart slugs
  2 leopard geckos (D:2)
  An orc (D:2)
  5 bats
  A giant cockroach (D:1)
  4 goblins
  10 hobgoblins
  3 jackals (D:1)
  6 kobolds
  A quokka (D:2)
  A ball python (D:1)
  4 rats
43 creatures vanquished.

Notes
Turn   | Place    | Note
-------+----------+-------------------------------------------
     0 | D:1      | Kraken2834 the Merfolk Monk began the quest for the Orb.
     0 | D:1      | Reached XP level 1. HP: 18/18 MP: 1/1
   390 | D:1      | Reached XP level 2. HP: 20/24 MP: 2/2
   553 | D:1      | Reached skill level 5 in Polearms
   726 | D:1      | Reached XP level 3. HP: 30/30 MP: 3/3
  1527 | D:2      | Noticed Terence
  1538 | D:2      | Killed Terence
  1539 | D:2      | Reached XP level 4. HP: 37/37 MP: 4/4
  1798 | D:2      | Noticed Jessica
  1815 | D:2      | Killed Jessica
  1816 | D:2      | Reached skill level 6 in Polearms
  1943 | D:2      | Found a white marble altar of Elyvilon.
  1988 | D:2      | Became a worshipper of Elyvilon the Healer
  1988 | D:2      | Reached * piety under Elyvilon
  1988 | D:2      | Reached ** piety under Elyvilon
  2062 | D:2      | Found a runed translucent door.
  2063 | D:2      | Noticed Crazy Yiuf
  2075 | D:2      | Slain by Crazy Yiuf

Illustrated notes

Levels and vault maps discovered:
D:1:      dpeg_arrival_shrine, layout_basic
D:2:      layout_loops_ring, elyvilon_altar_5, uniq_jessica,
          uniq_crazy_yiuf_cottage, uniq_terence

Skill      XL: |  1  2  3  4 |
---------------+-------------+-----
Polearms       | 5 6 |  6.5
Fighting       | 4 |  4.3
Dodging        | |  4.6
Stealth        | |  2.1

Action                   |  1- 3 |  4- 6 || total
-------------------------+-------+-------++-------
Melee: Spear             |   120 |    58 ||   178
Throw: Boomerang         |     2 |    27 ||    29
 Stab: Sleeping          |     7 |       ||     7
Armor: Robe              |     8 |     1 ||     9
       Leather armour    |       |     4 ||     4
       Scale mail        |       |     4 ||     4
Dodge: Dodged            |    72 |    31 ||   103

Table legend: (Time is in decaauts)
 A = Elapsed time spent in this place.
 B = Non-inter-level travel time spent in this place.
 C = Inter-level travel time spent in this place.
 D = Time resting spent in this place.
 E = Time spent auto-exploring this place.
 F = Levels seen in this place.
 G = Mean time per level.
                   A        B        C        D        E       F      G
               +--------+--------+--------+--------+--------+-----+--------+
         Total |   2052 |   2045 |      7 |    248 |   1380 |   2 | 1026.0 |
       Dungeon |   2052 |   2045 |      7 |    248 |   1380 |   2 | 1026.0 |
               +--------+--------+--------+--------+--------+-----+--------+

Top non-repeatable levels by time:
     D:1: 1498 daAuts
     D:2: 553 daAuts
